 Dungeon Crawl Stone Soup version 0.19.0-11-g3fc08b3 (webtiles) character file.

231 Gingerlord the Slasher (level 6, 0/48 HPs)
             Began as a Human Monk on Nov 8, 2016.
             Was a Follower of Okawaru.
             Slain by Grinder (6 damage)
             ... on level 3 of the Dungeon.
             The game lasted 00:07:06 (3428 turns).

Gingerlord the Slasher (Human Monk)                 Turns: 3428, Time: 00:07:07

Health: 0/48       AC: 10    Str: 14    XL:     6   Next: 24%
Magic:  6/6        EV: 11    Int: 10    God:    Okawaru [*.....]
Gold:   75         SH:  0    Dex: 15    Spells: 0 memorised, 5 levels left

rFire  . . .     SeeInvis .     a - +0 falchion
rCold  . . .     Gourm    .     f - +0 scale mail
rNeg   . . .     Faith    .     (no shield)
rPois  +         Spirit   .     h - +2 hat {MR+}
rElec  .         Reflect  .     x - +0 cloak
rCorr  .         Harm     .     r - +0 pair of gloves
MR     +....                    (no boots)
Stlth  +.........               (no amulet)
                                (no ring)
                                e - ring of poison resistance

@: no status effects
A: no striking features
a: Heroism, Renounce Religion


You were on level 3 of the Dungeon.
You worshipped Okawaru.
Okawaru was aware of your devotion.
You were near starving.

You visited 2 branches of the dungeon, and saw 5 of its levels.

You collected 75 gold pieces.

Inventory:

Hand Weapons
 a - a +0 falchion (weapon)
Armour
 f - a +0 scale mail (worn)
 h - a +2 hat of magic resistance (worn)
 r - a +0 pair of gloves (worn)
 x - a +0 cloak (worn)
Jewellery
 e - a ring of poison resistance (left hand)
Scrolls
 d - a scroll of enchant weapon {unknown}
 i - a scroll of enchant armour {unknown}
 j - 2 scrolls of recharging {unknown}
 l - 3 scrolls of remove curse {unknown}
 n - 4 scrolls of identify {unknown}
 o - a scroll of amnesia {unknown}
 s - a scroll of fear {unknown}
 t - a scroll of blinking {unknown}
 u - a scroll of teleportation {unknown}
Potions
 b - 6 potions of curing {unknown}
 k - 2 potions of haste {unknown}
 q - a potion of flight {unknown}
Books
 v - a book of Misfortune

   Spells                             Type                      Level
   a - Confusing Touch                Hexes                        1
   b - Confuse                        Hexes                        3
   c - Gell's Gravitas                Hexes/Translocation          3
   d - Petrify                        Transmutation/Earth          4
   e - Metabolic Englaciation         Hexes/Ice                    5
   f - Yara's Violent Unravelling     Hexes/Transmutation          5
Comestibles
 c - 4 bread rations
 g - a slice of pizza
 m - 4 fruits
 p - 3 meat rations


   Skills:
 + Level 4.0 Fighting
 + Level 4.3 Long Blades
 + Level 2.2 Armour
 + Level 4.2 Dodging
 - Level 2.0 Stealth
 + Level 0.0 Invocations


You had 5 spell levels left.
You didn't know any spells.

Dungeon Overview and Level Annotations

Branches:
Dungeon (4/15)             Temple (1/1) D:4

Altars:
Cheibriados
Dithmenos
Elyvilon
Fedhas
Kikubaaqudgha
Makhleb
Nemelex Xobeh
Okawaru
Qazlal
Ru
Sif Muna
Trog
Uskayaw
Vehumet
Xom
Yredelemnul
Zin
The Shining One

Annotations:
D:3 Grinder
D:4 1 runed door


Message History

You hit Grinder.
Grinder is severely wounded.
Grinder gestures at you. Pain shoots through your body!
You hit Grinder but do no damage.
Grinder is severely wounded.
Grinder hits you!
You writhe in agony.
* * * LOW HITPOINT WARNING * * *
You are too injured to fight recklessly!
You are too injured to fight recklessly!
You are too injured to fight recklessly!
You hit Grinder.
Grinder is almost dead.
Grinder hits you but does no damage.
You hit Grinder but do no damage.
Grinder is almost dead.
Grinder hits you.
* * * LOW HITPOINT WARNING * * *
You writhe in agony.
You die...

#####..##.####....#
#.....[...# ####.## #
#.......### #..# ###.
#<....#..# ####.#......
#.....#..######...†...####
#.....#...#.....#####....#
#.....#.#.#........#####.#
#.......#.########...÷...#
####.....@###### ######...
#(##..5.....## ##.#
#.##.........########..
#.##.......#.......###.
#....##....>..#######.....
#.#####.......# ##.... .[
#.......#### #.... .$.
#..........## #.... ..
#....<..##..########


You could see Grinder.

Vanquished Creatures
  2 hounds (D:4)
  Natasha (D:3)
  An orc wizard (D:4)
  5 adders
  2 oozes
  4 worms
  A dart slug (D:1)
  A leopard gecko (D:2)
  2 orcs (D:4)
  A ball python (D:3)
  7 bats
  A giant cockroach (D:1)
  5 goblins
  5 hobgoblins
  4 jackals (D:1)
  2 quokkas (D:2)
  A frilled lizard (D:1)
  9 kobolds
  7 rats
61 creatures vanquished.

Notes
Turn   | Place    | Note
-------+----------+-------------------------------------------
     0 | D:1      | Gingerlord the Human Monk began the quest for the Orb.
     0 | D:1      | Reached XP level 1. HP: 18/18 MP: 1/1
   138 | D:1      | Reached XP level 2. HP: 3/24 MP: 2/2
   991 | D:1      | Reached XP level 3. HP: 25/29 MP: 3/3
  1552 | D:2      | Reached skill level 1 in Armour
  1562 | D:2      | Reached XP level 4. HP: 18/35 MP: 4/4
  2086 | D:3      | Noticed Natasha
  2101 | D:3      | Killed Natasha
  2101 | D:3      | Reached XP level 5. HP: 27/42 MP: 5/5
  2587 | D:3      | Noticed Grinder
  2773 | D:4      | Reached XP level 6. HP: 40/48 MP: 6/6
  2969 | D:4      | Found a white marble altar of Elyvilon.
  2981 | D:4      | Found a runed door.
  2981 | D:4      | Noticed an angel
  2989 | D:4      | Noticed a hippogriff
  3276 | D:4      | Found a staircase to the Ecumenical Temple.
  3287 | Temple   | Entered the Ecumenical Temple
  3369 | Temple   | Became a worshipper of Warmaster Okawaru
  3369 | Temple   | Reached * piety under Okawaru
  3369 | Temple   | Reached ** piety under Okawaru
  3428 | D:3      | Slain by Grinder

Skill      XL: |  1  2  3  4  5  6 |
---------------+-------------------+-----
Armour         | 1 2 |  2.2
Long Blades    | 4 |  4.3
Dodging        | 4 |  4.2
Fighting       | 4 |  4.0
Stealth        | |  2.0

Action                   |  1- 3 |  4- 6 || total
-------------------------+-------+-------++-------
Melee: Falchion          |   106 |   185 ||   291
Invok: Heroism           |       |     1 ||     1
 Stab: Sleeping          |     1 |       ||     1
  Eat: Chunk             |     2 |     5 ||     7
Armor: Robe              |     8 |       ||     8
       Scale mail        |    35 |    76 ||   111
Dodge: Dodged            |    76 |   103 ||   179
       Rpst.: Falchion   |    26 |    34 ||    60
